Map: Terrasses de Prion

Players

Cloud

  • Race: Zerg Zerg
  • League: Silver
  • Spawn Location: 11:00

zidar - Winner!

  • Race: Zerg Zerg
  • League: Silver
  • Spawn Location: 5:00

VOD

Have the link to the VOD?

Description

Time

  • Played on: Feb. 6, 2016, 2:47 p.m.
  • Length: 12:25
Show
View Real Time Build Order
Export as new Build Order

Cloud Zerg 

Build Orders: 1 Base Baneling Bust, Pool First 

Get SALT Encoding   

  12  0:02  Drone  
  13  0:08  Drone  
  14  0:17  Overlord  
  14  0:34  Spawning Pool  
  13  0:37  Drone  
  13  0:41  Drone  
  15  0:46  Drone  
  15  0:49  Extractor  
  15  0:52  Drone  
  16  1:00  Drone  
  17  1:10  Overlord  
  17  1:22  Queen  
  17  1:24  Zergling x2  
  20  1:33  Zergling x2  
  21  1:44  Zergling x2  
  22  1:58  Zergling x2  
  23  2:02  Metabolic Boost  
  23  2:04  Zergling x2  
  24  2:14  Baneling Nest  
  23  2:32  Hatchery  
  21  3:04  Zergling x2  
  21  3:05  Zergling x8  
  22  3:40  Zergling x8  
  22  3:41  Zergling x2  
  27  3:46  Baneling x4  
  27  3:47  Baneling x3  
  27  3:56  Queen  
  27  3:57  Drone x2  
  27  4:00  Zergling x4  
  23  4:41  Spine Crawler  
  23  4:45  Spine Crawler  
  21  4:53  Drone x3  
  21  4:54  Spine Crawler  
  21  4:55  Zergling x4  
  21  4:56  Zergling x4  
  27  5:00  Drone  
  27  5:04  Spine Crawler  
  27  5:06  Spine Crawler  
  26  5:10  Spine Crawler  
  25  5:20  Drone x2  
  27  5:22  Drone  
  27  5:28  Drone  
  29  5:31  Drone  
  30  5:37  Drone  
  31  5:47  Roach Warren  
  30  5:52  Drone  
  30  5:53  Drone  
  30  5:56  Extractor  
  25  6:06  Zergling x2  
  25  6:07  Zergling x6  
  25  6:10  Zergling x2  
  23  6:25  Zergling x6  
  25  6:31  Zergling x2  
  21  6:50  Zergling x6  
  21  6:57  Zergling x6  
  24  7:04  Drone  
  24  7:34  Drone x3  
  27  7:40  Roach Warren  
  27  7:42  Baneling  
  27  7:43  Baneling x6  
  27  7:44  Baneling x5  
  26  7:45  Baneling  
  26  7:54  Extractor  
  26  7:57  Extractor  
  24  8:02  Lair  
  24  8:08  Drone x2  
  26  8:15  Zergling x4  
  28  8:24  Drone  
  29  8:32  Drone x3  
  32  8:43  Overlord  
  32  8:46  Drone  
  33  9:08  Overseer  
  33  9:25  Drone x3  
  33  9:28  Queen  
  38  9:40  Spire  
  37  9:46  Drone x4  
  37  9:47  Drone  
  37  9:49  Drone x2  
  44  10:07  Overlord x2  
  44  10:23  Overlord x2  
  44  10:24  Overlord  
  44  10:44  Hatchery  
  43  10:52  Mutalisk x4  
  51  11:01  Drone x4  
  54  11:23  Mutalisk x3  
  57  11:26  Mutalisk x3  
  45  11:56  Mutalisk x2  
  45  11:59  Drone  
Show
View Real Time Build Order
Export as new Build Order

zidar Zerg - Winner!

Build Orders: Pool First 

Get SALT Encoding   

  12  0:01  Drone  
  13  0:12  Overlord  
  13  0:17  Drone  
  14  0:30  Drone x2  
  14  0:35  Drone  
  17  0:47  Spawning Pool  
  16  0:50  Drone  
  16  0:53  Extractor  
  17  1:14  Hatchery  
  17  1:17  Drone  
  17  1:22  Extractor, Drone  
  17  1:38  Spine Crawler  
  17  1:39  Zergling x4  
  18  1:40  Zergling x2  
  19  1:54  Zergling x2  
  19  2:09  Roach Warren  
  19  2:11  Zergling x2  
  19  2:16  Queen  
  21  2:36  Metabolic Boost  
  20  2:51  Extractor  
  20  2:52  Drone x3  
  22  3:01  Overlord x2  
  19  3:35  Roach  
  19  3:36  Roach x3  
  19  3:37  Zergling x2  
  28  3:45  Roach  
  25  4:09  Roach  
  31  4:10  Roach x2  
  28  4:51  Roach x4  
  36  5:04  Drone x2  
  38  5:10  Queen  
  40  5:17  Drone  
  40  5:20  Drone  
  42  5:37  Drone x2  
  42  5:39  Overlord  
  34  6:19  Roach x5  
  44  6:34  Roach  
  38  6:58  Queen  
  40  7:07  Drone x6  
  42  7:26  Roach x2  
  44  7:38  Drone  
  44  7:41  Roach x3  
  51  7:51  Zergling x2  
  52  7:54  Overlord  
  52  7:55  Overlord  
  52  8:13  Extractor  
  52  8:15  Lair  
  52  8:17  Extractor  
  50  8:21  Drone x4  
  50  8:25  Overlord x2  
  54  8:47  Drone x2  
  54  8:48  Drone x2  
  58  8:53  Overlord x2  
  58  8:54  Overlord  
  58  9:20  Spire  
  57  10:34  Mutalisk x4  
  57  10:35  Mutalisk x8  
  81  10:37  Zergling x6  
  81  10:38  Zergling x18  
  58  11:54  Mutalisk x9  
Tags
 
Add a new tag
Caveats
  • Supply blocks, unpowered buildings, or Contaminate may cause inaccurate times.
  • Supply counts are checked every 10 seconds.